Gangsters vs Remparts
(R1)
Created - April 27, 2018 at 19:36
Goals
|
Gangsters |
0 |
1 |
1 |
2 |
Remparts |
3 |
2 |
0 |
5 |
|
Shots
|
Gangsters |
9 |
11 |
9 |
29 |
Remparts |
14 |
9 |
4 |
27 |
|
1st period
1. Remparts , Guillaume Desbiens 55 (Michal Jordan 12) at 5:24 (PP)
2. Remparts , Mike Weber 8 (Pasi Salonen 30, Kris Russell 28) at 17:28 (PP)
3. Remparts , Patrick Maroon 4 (Johannes Salmonsson 18) at 18:13
Penalties :
Mike Weber (Que) for Roughing (Minor) at 0:52, Artem Anisimov (Bro) for Hooking (Minor) at 4:14, Dale Weise (Que) for Interference (Minor) at 7:37, Devante Smith-Pelly (Bro) for Tripping (Minor) at 12:56, Morgan Ellis (Bro) for Holding (Minor) at 16:54
2nd period
4. Remparts , Johannes Salmonsson 12 (Cédric Lalonde-McNicoll 21, Justin Williams 25) at 2:14
5. Remparts , Mike Weber 9 (Guillaume Desbiens 62, Alex Galchenyuk 67) at 8:16 (PP)
6. Gangsters , Devante Smith-Pelly 24 (Maxime Sauvé 57) at 17:51
Penalties :
Mike Weber (Que) for Interference (Minor) at 5:37, Stefan Noesen (Bro) for Hooking (Minor) at 8:08, Devante Smith-Pelly (Bro) for Hooking (Minor) at 12:33
3rd period
7. Gangsters , Derrick Pouliot 2 (Seth Griffith 14, Jonas Brodin 19) at 7:37
Penalties :
Dainius Zubrus (Que) for Roughing (Minor) at 3:32, Kris Russell (Que) for Roughing (Minor) at 4:37, Dainius Zubrus (Que) for Hooking (Minor) at 8:49, Dale Weise (Que) for Hooking (Minor) at 13:10
Goalie Stats
Mike Condon (Bro), 10 saves from 11 shots - (0.909), 37:46 minutes
Dustin Tokarski (Bro), 12 saves from 16 shots - (0.750), L, 29-21-2, 22:14 minutes
Igor Bobkov (Que), 27 saves from 29 shots - (0.931), W, 18-11-2, 60:00 minutes
Players Stats for Gangsters
Player Name G A P +/- PIM S H SB GA TA FO MP PP MP PK MP
------------------------------------------------------------------------------------
Artem Anisimov 0 0 0 0 2 2 1 0 1 0 19/32 21:12 6:52 3:09
Brendan Woods 0 0 0 1 0 0 0 0 1 0 1/1 8:57 0:00 0:52
Chris Bourque 0 0 0 0 0 0 1 1 0 0 2/3 22:01 6:52 3:57
Colten Teubert 0 0 0 -1 0 2 3 0 0 2 0/0 27:12 8:00 3:18
Dave Dziurzynski 0 0 0 0 0 2 4 0 0 1 0/1 15:36 5:40 0:00
Derrick Pouliot 1 0 1 2 0 2 0 0 0 0 0/0 13:18 0:18 0:34
Devante Smith-Pelly 1 0 1 0 4 4 4 0 0 0 0/1 16:12 5:40 0:00
Jonas Brodin 0 1 1 2 0 2 1 0 0 0 0/0 12:44 0:18 0:00
Magnus Paajarvi-Svensson 0 0 0 -1 0 5 1 0 0 1 0/0 13:03 0:27 0:14
Maxime Sauvé 0 1 1 0 0 0 2 0 1 0 3/9 17:15 5:40 1:39
Michael Sdao 0 0 0 -1 0 0 2 2 1 1 0/0 20:04 4:41 2:32
Morgan Ellis 0 0 0 -1 2 0 0 5 3 1 0/0 19:29 4:41 1:58
Patrik Nemeth 0 0 0 -1 0 2 1 2 0 2 0/0 27:12 8:00 3:18
Richard Panik 0 0 0 0 0 2 0 0 2 0 0/1 19:29 6:52 1:39
Sebastian Collberg 0 0 0 1 0 0 0 0 0 0 0/0 7:41 0:00 0:00
Seth Griffith 0 1 1 1 0 2 0 0 1 0 2/2 7:41 0:00 0:00
Stefan Noesen 0 0 0 -1 2 2 1 1 2 0 0/0 12:21 0:24 0:00
Tomas Hertl 0 0 0 -1 0 2 0 0 1 0 2/2 12:38 0:30 0:10
Players Stats for Remparts
Player Name G A P +/- PIM S H SB GA TA FO MP PP MP PK MP
------------------------------------------------------------------------------------
Alex Galchenyuk 0 1 1 0 0 3 1 0 2 3 1/1 18:00 3:32 1:26
Cédric Lalonde-McNicoll 0 1 1 -1 0 5 0 1 0 0 0/0 12:05 0:00 3:40
Chris Mueller 0 0 0 1 0 0 1 0 0 0 1/2 8:13 0:00 0:00
Cody Ceci 0 0 0 0 0 1 0 2 0 1 0/0 24:13 0:05 6:07
Dainius Zubrus 0 0 0 0 4 3 1 1 1 1 12/31 16:33 3:34 0:01
Dale Weise 0 0 0 1 4 0 1 0 0 0 0/0 8:37 0:00 0:00
Erik Gustafsson 0 0 0 0 0 2 1 1 0 1 0/0 13:05 0:00 3:30
Guillaume Desbiens 1 1 2 0 0 3 8 1 1 2 0/1 18:53 3:34 2:12
Johannes Salmonsson 1 1 2 -1 0 1 2 1 0 0 2/2 15:41 0:02 6:56
Justin Williams 0 1 1 -1 0 0 2 0 0 1 0/0 8:06 0:00 0:00
Kris Russell 0 1 1 0 2 0 3 3 1 1 0/0 26:43 3:45 4:53
Max Reinhart 0 0 0 0 0 1 1 1 0 1 7/14 21:04 2:16 7:22
Michal Jordan 0 1 1 0 0 0 3 1 0 0 0/0 13:43 2:00 1:30
Mike Weber 2 0 2 0 4 3 1 0 2 2 0/0 22:20 3:50 4:46
Pasi Salonen 0 1 1 0 0 2 2 2 0 0 0/0 16:56 2:16 3:27
Patrick Maroon 1 0 1 1 0 1 0 0 1 0 0/0 8:13 0:00 0:00
Ryan Strome 0 0 0 0 0 0 3 1 0 0 0/1 13:10 2:16 0:00
William Colbert 0 0 0 0 0 2 2 3 0 0 0/0 20:25 2:00 5:11
3 Stars
1 - Guillaume Desbiens (Que)
2 - Johannes Salmonsson (Que)
3 - Mike Weber (Que)
Power Play
Gangsters - 0 on 7 Attempt(s) - 0.00%
Remparts - 3 on 5 Attempt(s) - 60.00%
Penalty Kill
Gangsters - 2 on 5 Attempt(s) - 40.00%
- Score 0 goal in Penalty Kill
Remparts - 7 on 7 Attempt(s) - 100.00%
- Score 0 goal in Penalty Kill
Team Stat
Gangsters - Hits : 21 - Faceoff Wins : 29 - Blocked Shots : 11 - Penalty Minutes : 10
Remparts - Hits : 32 - Faceoff Wins : 23 - Blocked Shots : 18 - Penalty Minutes : 14
Official
Referees : Fraser Kerry and Hasenfratz Mike
Linesman : Ryan Galloway and Bryan Pancich
Game Notes
Mike Condon enters game at 2:14 of 2nd period
Finance
Level 1 -- Attendance: 1416 (70.80%) -- Ticket Income $42,480
Level 2 -- Attendance: 797 (79.70%) -- Ticket Income $15,940
Total Attendance: 2213 (73.77%)
Total Ticket Income: $58,420
Other Income: $2,921
Total Income: $61,341
Gangsters
5 vs 5 Forward
Center Left Wing Right Wing Time % Phy DF OF
1 Artem Anisimov Chris Bourque Richard Panik 40 1 2 2
2 Maxime Sauvé Dave Dziurzynski Devante Smith-Pelly 30 1 2 2
3 Tomas Hertl Magnus Paajarvi-Svensson Stefan Noesen 20 1 2 2
4 Seth Griffith Brendan Woods Sebastian Collberg 10 1 2 2
5 vs 5 Defense
Defense Defense Time % Phy DF OF
1 Colten Teubert Patrik Nemeth 40 1 2 2
2 Michael Sdao Morgan Ellis 30 1 2 2
3 Jonas Brodin Derrick Pouliot 20 1 2 2
4 Colten Teubert Patrik Nemeth 10 1 2 2
PowerPlay Forward
Center Left Wing Right Wing Time % Phy DF OF
1 Artem Anisimov Chris Bourque Richard Panik 60 1 2 2
2 Maxime Sauvé Dave Dziurzynski Devante Smith-Pelly 40 1 2 2
PowerPlay Defense
Defense Defense Time % Phy DF OF
1 Colten Teubert Patrik Nemeth 60 1 2 2
2 Michael Sdao Morgan Ellis 40 1 2 2
Penalty Kill 4 Players Forward
Center Wing Time % Phy DF OF
1 Artem Anisimov Chris Bourque 60 1 2 2
2 Maxime Sauvé Richard Panik 40 1 2 2
Penalty Kill 4 Players Defense
Defense Defense Time % Phy DF OF
1 Colten Teubert Patrik Nemeth 60 1 2 2
2 Michael Sdao Morgan Ellis 40 1 2 2
Penalty Kill - 3 Players Forward
Forward Time % Phy DF OF
1 Artem Anisimov 60 1 2 2
2 Chris Bourque 40 1 2 2
Penalty Kill - 3 Players Defense
Defense Defense Time % Phy DF OF
1 Colten Teubert Patrik Nemeth 60 1 2 2
2 Michael Sdao Morgan Ellis 40 1 2 2
4 vs 4 Forward
Center Wing Time % Phy DF OF
1 Artem Anisimov Chris Bourque 60 1 2 2
2 Maxime Sauvé Richard Panik 40 1 2 2
4 vs 4 Defense
Defense Defense Time % Phy DF OF
1 Colten Teubert Patrik Nemeth 60 1 2 2
2 Michael Sdao Morgan Ellis 40 1 2 2
Last Minutes Offensive
Center Left Wing Right Wing Defense Defense
Artem Anisimov Chris Bourque Richard Panik Colten Teubert Patrik Nemeth
Last Minutes Defensive
Center Left Wing Right Wing Defense Defense
Artem Anisimov Chris Bourque Richard Panik Colten Teubert Patrik Nemeth
Goaltenders
Starting : Dustin Tokarski
Backup : Mike Condon
Extra Forwards
Normal : Tomas Hertl, Magnus Paajarvi-Svensson, Brendan Woods - PP : Tomas Hertl, Magnus Paajarvi-Svensson - PK : Brendan Woods
Extra Defensemen
Normal : Jonas Brodin, Derrick Pouliot, Michael Sdao - PP : Jonas Brodin - PK : Derrick Pouliot, Michael Sdao
Penalty Shots
Artem Anisimov, Chris Bourque, Maxime Sauvé, Richard Panik, Tomas Hertl
Scratches
Bryan Young (Healthy), Kevin Roy (Healthy), Brett Ponich (Healthy), Ryan Culkin (Healthy), Phillip Danault (Healthy)
Austen Brassard (Healthy), Gustav Nyquist (Torn Left Knee Ligaments Injury), Matt Delahey (Healthy), Jordan Binnington (Healthy)
Remparts
5 vs 5 Forward
Center Left Wing Right Wing Time % Phy DF OF
1 Dainius Zubrus Alex Galchenyuk Guillaume Desbiens 40 1 2 2
2 Max Reinhart Pasi Salonen Ryan Strome 30 1 2 2
3 Cédric Lalonde-McNicoll Johannes Salmonsson Justin Williams 20 1 2 2
4 Chris Mueller Patrick Maroon Dale Weise 10 1 2 2
5 vs 5 Defense
Defense Defense Time % Phy DF OF
1 Kris Russell Cody Ceci 40 1 2 2
2 William Colbert Mike Weber 30 1 2 2
3 Michal Jordan Erik Gustafsson 20 1 2 2
4 Kris Russell Cody Ceci 10 1 2 2
PowerPlay Forward
Center Left Wing Right Wing Time % Phy DF OF
1 Dainius Zubrus Alex Galchenyuk Guillaume Desbiens 60 1 2 2
2 Max Reinhart Pasi Salonen Ryan Strome 40 1 2 2
PowerPlay Defense
Defense Defense Time % Phy DF OF
1 Kris Russell Mike Weber 60 1 2 2
2 William Colbert Michal Jordan 40 1 2 2
Penalty Kill 4 Players Forward
Center Wing Time % Phy DF OF
1 Max Reinhart Johannes Salmonsson 60 1 2 2
2 Cédric Lalonde-McNicoll Pasi Salonen 40 1 2 2
Penalty Kill 4 Players Defense
Defense Defense Time % Phy DF OF
1 Cody Ceci Mike Weber 60 1 2 2
2 William Colbert Kris Russell 40 1 2 2
Penalty Kill - 3 Players Forward
Forward Time % Phy DF OF
1 Max Reinhart 60 1 2 2
2 Cédric Lalonde-McNicoll 40 1 2 2
Penalty Kill - 3 Players Defense
Defense Defense Time % Phy DF OF
1 Cody Ceci Mike Weber 60 1 2 2
2 William Colbert Kris Russell 40 1 2 2
4 vs 4 Forward
Center Wing Time % Phy DF OF
1 Dainius Zubrus Alex Galchenyuk 60 1 2 2
2 Max Reinhart Guillaume Desbiens 40 1 2 2
4 vs 4 Defense
Defense Defense Time % Phy DF OF
1 Kris Russell Cody Ceci 60 1 2 2
2 William Colbert Mike Weber 40 1 2 2
Last Minutes Offensive
Center Left Wing Right Wing Defense Defense
Dainius Zubrus Alex Galchenyuk Guillaume Desbiens Kris Russell Mike Weber
Last Minutes Defensive
Center Left Wing Right Wing Defense Defense
Max Reinhart Johannes Salmonsson Guillaume Desbiens Cody Ceci Mike Weber
Goaltenders
Starting : Igor Bobkov
Backup : Tyler Plante
Extra Forwards
Normal : Max Reinhart, Alex Galchenyuk, Guillaume Desbiens - PP : Max Reinhart, Alex Galchenyuk - PK : Guillaume Desbiens
Extra Defensemen
Normal : William Colbert, Cody Ceci, Mike Weber - PP : Cody Ceci - PK : Erik Gustafsson, Michal Jordan
Penalty Shots
Alex Galchenyuk, Pasi Salonen, Justin Williams, Dainius Zubrus, Cédric Lalonde-McNicoll
Scratches
Griffin Reinhart (Healthy), Michael Paliotta (Healthy), Anton Zlobin (Healthy), Mitchell Heard (Healthy), Brandon Mashinter (Healthy)
Tim Bozon (Healthy), François Brassard (Healthy)
% Time on Ice - Gangsters
Lines # - Real PCT - Wanted PCT - Time Play
Normal Forward
1 - 28% - 40% - 11:37
2 - 24% - 30% - 9:56
3 - 29% - 20% - 11:57
4 - 19% - 10% - 7:41
Normal Defense
1 - 39% - 40% - 15:52
2 - 31% - 30% - 12:51
3 - 29% - 20% - 11:54
4 - 1% - 10% - 0:34
PP Forward
1 - 56% - 60% - 7:19
2 - 44% - 40% - 5:40
PP Defense
1 - 64% - 60% - 8:18
2 - 36% - 40% - 4:41
PK Forward
1 - 72% - 60% - 4:11
2 - 28% - 40% - 1:39
PK Defense
1 - 57% - 60% - 3:18
2 - 43% - 40% - 2:32
PK3 Forward
1 - 0% - 60%
2 - 0% - 40%
PK3 Defense
1 - 0% - 60%
2 - 0% - 40%
44 Forward
1 - 0% - 60%
2 - 0% - 40%
44 Defense
1 - 0% - 60%
2 - 0% - 40%
Last Minute Offensive - 0:00
Last Minute Defensive - 0:00
Total
Forward - 60:00
Defense - 60:00
|
% Time on Ice - Remparts
Lines # - Real PCT - Wanted PCT - Time Play
Normal Forward
1 - 33% - 40% - 13:39
2 - 27% - 30% - 11:13
3 - 20% - 20% - 8:06
4 - 20% - 10% - 8:13
Normal Defense
1 - 43% - 40% - 17:44
2 - 32% - 30% - 13:19
3 - 22% - 20% - 9:10
4 - 2% - 10% - 0:58
PP Forward
1 - 61% - 60% - 3:34
2 - 39% - 40% - 2:16
PP Defense
1 - 66% - 60% - 3:50
2 - 34% - 40% - 2:00
PK Forward
1 - 71% - 60% - 8:37
2 - 29% - 40% - 3:28
PK Defense
1 - 61% - 60% - 7:25
2 - 39% - 40% - 4:40
PK3 Forward
1 - 78% - 60% - 0:42
2 - 22% - 40% - 0:12
PK3 Defense
1 - 43% - 60% - 0:23
2 - 57% - 40% - 0:31
44 Forward
1 - 0% - 60%
2 - 0% - 40%
44 Defense
1 - 0% - 60%
2 - 0% - 40%
Last Minute Offensive - 0:00
Last Minute Defensive - 0:00
Total
Forward - 60:00
Defense - 60:00
|
Play by Play
1st period
0:01 of 1st period - Artem Anisimov wins face-off versus Dainius Zubrus in neutral zone.
0:04 of 1st period - Snap shot by Artem Anisimov.
0:04 of 1st period - Stopped by Igor Bobkov with a rebound.
0:52 of 1st period - Minor Penalty to Mike Weber for Roughing.
0:53 of 1st period - Artem Anisimov wins face-off versus Max Reinhart in Remparts zone.
0:59 of 1st period - Snap shot by Chris Bourque.
0:59 of 1st period - Shot Blocked by Johannes Salmonsson.
1:01 of 1st period - Slapshot by Patrik Nemeth.
1:01 of 1st period - Shot Blocked by Cody Ceci.
1:03 of 1st period - Snap shot by Artem Anisimov.
1:03 of 1st period - Stopped by Igor Bobkov with a rebound.
1:41 of 1st period - Snap shot by Chris Bourque.
1:41 of 1st period - Shot Blocked by William Colbert.
2:25 of 1st period - Michael Sdao is hit by Michal Jordan and loses puck.
2:52 of 1st period - Penalty to Mike Weber is over, Mike Weber is back on ice.
3:18 of 1st period - Cody Ceci is hit by Magnus Paajarvi-Svensson and loses puck.
3:25 of 1st period - Snap shot by Magnus Paajarvi-Svensson.
3:25 of 1st period - Stopped by Igor Bobkov without a rebound.
3:26 of 1st period - Tomas Hertl wins face-off versus Dainius Zubrus in Remparts zone.
3:31 of 1st period - Snap shot by Magnus Paajarvi-Svensson.
3:31 of 1st period - Stopped by Igor Bobkov without a rebound.
3:32 of 1st period - Tomas Hertl wins face-off versus Dainius Zubrus in Remparts zone.
3:43 of 1st period - Michael Sdao is hit by Guillaume Desbiens and loses puck.
3:48 of 1st period - Snap shot by Alex Galchenyuk.
3:48 of 1st period - Shot Misses the Net.
4:14 of 1st period - Minor Penalty to Artem Anisimov for Hooking.
4:15 of 1st period - Brendan Woods wins face-off versus Dainius Zubrus in Gangsters zone.
4:15 of 1st period - Brendan Woods is hit by Guillaume Desbiens.
4:41 of 1st period - Slapshot by Chris Bourque.
4:41 of 1st period - Deflect By Tomas Hertl.
4:41 of 1st period - Stopped by Igor Bobkov with a rebound.
4:53 of 1st period - Slapshot by Mike Weber.
4:53 of 1st period - Deflect By Pasi Salonen.
4:53 of 1st period - Shot Blocked by Morgan Ellis.
4:53 of 1st period - Puck is out of play.
4:54 of 1st period - Max Reinhart wins face-off versus Maxime Sauvé in Gangsters zone.
5:19 of 1st period - Chris Bourque is hit by Guillaume Desbiens and loses puck.
5:24 of 1st period - Snap shot by Guillaume Desbiens.
5:24 of 1st period - Deflect By Colten Teubert.
5:24 of 1st period - Goal by Guillaume Desbiens - Gangsters : 0 - Remparts : 1.
5:25 of 1st period - Artem Anisimov wins face-off versus Max Reinhart in neutral zone.
5:52 of 1st period - Alex Galchenyuk is hit by Colten Teubert and loses puck.
6:36 of 1st period - Morgan Ellis is hit by Kris Russell and loses puck.
6:53 of 1st period - Chris Mueller is hit by Michael Sdao and loses puck.
7:28 of 1st period - Wrist shot by Chris Mueller.
7:28 of 1st period - Shot Misses the Net.
7:37 of 1st period - Minor Penalty to Dale Weise for Interference.
7:38 of 1st period - Max Reinhart wins face-off versus Artem Anisimov in Remparts zone.
8:15 of 1st period - Wrist shot by Maxime Sauvé.
8:15 of 1st period - Shot Misses the Net.
9:30 of 1st period - Chris Bourque is hit by Guillaume Desbiens and loses puck.
9:37 of 1st period - Penalty to Dale Weise is over, Dale Weise is back on ice.
9:55 of 1st period - Slapshot by Colten Teubert.
9:55 of 1st period - Deflect By Pasi Salonen.
9:55 of 1st period - Stopped by Igor Bobkov without a rebound.
9:56 of 1st period - Seth Griffith wins face-off versus Dainius Zubrus in Remparts zone.
10:21 of 1st period - Jonas Brodin is hit by Chris Mueller.
10:50 of 1st period - Off-side.
10:51 of 1st period - Maxime Sauvé wins face-off versus Dainius Zubrus in neutral zone.
10:54 of 1st period - Cody Ceci is hit by Dave Dziurzynski and loses puck.
12:07 of 1st period - Wrist shot by Seth Griffith.
12:07 of 1st period - Stopped by Igor Bobkov with a rebound.
12:15 of 1st period - Slapshot by Colten Teubert.
12:15 of 1st period - Deflect By Seth Griffith.
12:15 of 1st period - Shot Misses the Net.
12:15 of 1st period - Puck is out of play.
12:16 of 1st period - Artem Anisimov wins face-off versus Dainius Zubrus in Remparts zone.
12:29 of 1st period - Snap shot by Chris Bourque.
12:29 of 1st period - Shot Misses the Net.
12:56 of 1st period - Minor Penalty to Devante Smith-Pelly for Tripping.
12:57 of 1st period - Chris Bourque wins face-off versus Dainius Zubrus in Gangsters zone.
13:13 of 1st period - Wrist shot by Artem Anisimov.
13:13 of 1st period - Deflect By Chris Bourque.
13:13 of 1st period - Shot Misses the Net.
13:13 of 1st period - Puck is out of play.
13:14 of 1st period - Artem Anisimov wins face-off versus Max Reinhart in Remparts zone.
13:27 of 1st period - Wrist shot by Max Reinhart.
13:27 of 1st period - Shot Blocked by Chris Bourque.
13:29 of 1st period - Slapshot by Pasi Salonen.
13:29 of 1st period - Shot Misses the Net.
13:41 of 1st period - Wrist shot by Alex Galchenyuk.
13:41 of 1st period - Shot Misses the Net.
13:43 of 1st period - Slapshot by Dainius Zubrus.
13:43 of 1st period - Shot Blocked by Patrik Nemeth.
13:45 of 1st period - Slapshot by William Colbert.
13:45 of 1st period - Deflect By Patrik Nemeth.
13:45 of 1st period - Stopped by Dustin Tokarski without a rebound.
13:46 of 1st period - Dainius Zubrus wins face-off versus Maxime Sauvé in Gangsters zone.
13:53 of 1st period - Slapshot by Guillaume Desbiens.
13:53 of 1st period - Shot Misses the Net.
13:55 of 1st period - Snap shot by Dainius Zubrus.
13:55 of 1st period - Stopped by Dustin Tokarski without a rebound.
13:56 of 1st period - Dainius Zubrus wins face-off versus Maxime Sauvé in Gangsters zone.
13:57 of 1st period - Snap shot by Guillaume Desbiens.
13:57 of 1st period - Stopped by Dustin Tokarski without a rebound.
13:58 of 1st period - Artem Anisimov wins face-off versus Dainius Zubrus in Gangsters zone.
14:35 of 1st period - Snap shot by Max Reinhart.
14:35 of 1st period - Stopped by Dustin Tokarski without a rebound.
14:36 of 1st period - Dainius Zubrus wins face-off versus Artem Anisimov in Gangsters zone.
14:43 of 1st period - Wrist shot by Guillaume Desbiens.
14:43 of 1st period - Shot Blocked by Morgan Ellis.
14:45 of 1st period - Wrist shot by Dainius Zubrus.
14:45 of 1st period - Shot Misses the Net.
14:47 of 1st period - Wrist shot by Alex Galchenyuk.
14:47 of 1st period - Stopped by Dustin Tokarski without a rebound.
14:48 of 1st period - Artem Anisimov wins face-off versus Dainius Zubrus in Gangsters zone.
14:56 of 1st period - Penalty to Devante Smith-Pelly is over, Devante Smith-Pelly is back on ice.
15:15 of 1st period - Slapshot by Magnus Paajarvi-Svensson.
15:15 of 1st period - Stopped by Igor Bobkov with a rebound.
15:37 of 1st period - Wrist shot by Justin Williams.
15:37 of 1st period - Shot Misses the Net.
15:39 of 1st period - Slapshot by Erik Gustafsson.
15:39 of 1st period - Stopped by Dustin Tokarski with a rebound.
15:41 of 1st period - Snap shot by Cédric Lalonde-McNicoll.
15:41 of 1st period - Stopped by Dustin Tokarski with a rebound.
15:43 of 1st period - Slapshot by Erik Gustafsson.
15:43 of 1st period - Deflect By Devante Smith-Pelly.
15:43 of 1st period - Stopped by Dustin Tokarski with a rebound.
16:24 of 1st period - Slapshot by Alex Galchenyuk.
16:24 of 1st period - Stopped by Dustin Tokarski with a rebound.
16:54 of 1st period - Minor Penalty to Morgan Ellis for Holding.
16:55 of 1st period - Dainius Zubrus wins face-off versus Artem Anisimov in Gangsters zone.
17:08 of 1st period - Snap shot by Alex Galchenyuk.
17:08 of 1st period - Shot Misses the Net.
17:10 of 1st period - Snap shot by Mike Weber.
17:10 of 1st period - Stopped by Dustin Tokarski with a rebound.
17:26 of 1st period - Snap shot by Mike Weber.
17:26 of 1st period - Shot Hit the Post.
17:28 of 1st period - Slapshot by Mike Weber.
17:28 of 1st period - Goal by Mike Weber - Gangsters : 0 - Remparts : 2.
17:29 of 1st period - Dainius Zubrus wins face-off versus Artem Anisimov in neutral zone.
17:34 of 1st period - Backhand shot by Alex Galchenyuk.
17:34 of 1st period - Stopped by Dustin Tokarski with a rebound.
17:36 of 1st period - Wrist shot by Alex Galchenyuk.
17:36 of 1st period - Shot Misses the Net.
18:03 of 1st period - Snap shot by Pasi Salonen.
18:03 of 1st period - Shot Misses the Net.
18:13 of 1st period - Wrist shot by Patrick Maroon.
18:13 of 1st period - Goal by Patrick Maroon - Gangsters : 0 - Remparts : 3.
18:14 of 1st period - Dainius Zubrus wins face-off versus Chris Bourque in neutral zone.
18:26 of 1st period - Icing by Kris Russell.
18:27 of 1st period - Artem Anisimov wins face-off versus Dainius Zubrus in Remparts zone.
18:30 of 1st period - Snap shot by Richard Panik.
18:30 of 1st period - Stopped by Igor Bobkov without a rebound.
18:31 of 1st period - Artem Anisimov wins face-off versus Dainius Zubrus in Remparts zone.
18:46 of 1st period - Snap shot by Chris Bourque.
18:46 of 1st period - Shot Blocked by Dainius Zubrus.
18:56 of 1st period - Max Reinhart is hit by Maxime Sauvé.
Goals for this period are 0 for Gangsters vs 3 for Remparts.
Shots for this period are 9 for Gangsters vs 14 for Remparts.
2nd period
0:01 of 2nd period - Artem Anisimov wins face-off versus Guillaume Desbiens in neutral zone.
0:58 of 2nd period - Slapshot by Cédric Lalonde-McNicoll.
0:58 of 2nd period - Shot Misses the Net.
1:00 of 2nd period - Slapshot by William Colbert.
1:00 of 2nd period - Deflect By Michael Sdao.
1:00 of 2nd period - Stopped by Dustin Tokarski without a rebound.
1:01 of 2nd period - Artem Anisimov wins face-off versus Dainius Zubrus in Gangsters zone.
1:16 of 2nd period - Wrist shot by Alex Galchenyuk.
1:16 of 2nd period - Deflect By Dainius Zubrus.
1:16 of 2nd period - Shot Misses the Net.
1:16 of 2nd period - Puck is out of play.
1:17 of 2nd period - Max Reinhart wins face-off versus Dave Dziurzynski in Gangsters zone.
1:44 of 2nd period - Patrik Nemeth is hit by Guillaume Desbiens.
2:14 of 2nd period - Snap shot by Johannes Salmonsson.
2:14 of 2nd period - Goal by Johannes Salmonsson - Gangsters : 0 - Remparts : 4.
2:14 of 2nd period - Mike Condon enters game.
2:15 of 2nd period - Dainius Zubrus wins face-off versus Artem Anisimov in neutral zone.
2:18 of 2nd period - Wrist shot by Guillaume Desbiens.
2:18 of 2nd period - Stopped by Mike Condon with a rebound.
3:28 of 2nd period - Slapshot by Chris Bourque.
3:28 of 2nd period - Shot Misses the Net.
4:11 of 2nd period - Michael Sdao is hit by Ryan Strome and loses puck.
4:50 of 2nd period - Snap shot by Dainius Zubrus.
4:50 of 2nd period - Shot Misses the Net.
4:52 of 2nd period - Slapshot by Guillaume Desbiens.
4:52 of 2nd period - Shot Misses the Net.
5:37 of 2nd period - Minor Penalty to Mike Weber for Interference.
5:38 of 2nd period - Johannes Salmonsson wins face-off versus Artem Anisimov in Remparts zone.
5:42 of 2nd period - Max Reinhart is hit by Chris Bourque and loses puck.
6:11 of 2nd period - Cody Ceci is hit by Colten Teubert and loses puck.
7:24 of 2nd period - Guillaume Desbiens is hit by Maxime Sauvé and loses puck.
7:37 of 2nd period - Penalty to Mike Weber is over, Mike Weber is back on ice.
7:50 of 2nd period - Snap shot by Patrick Maroon.
7:50 of 2nd period - Shot Misses the Net.
8:08 of 2nd period - Minor Penalty to Stefan Noesen for Hooking.
8:09 of 2nd period - Dainius Zubrus wins face-off versus Artem Anisimov in Gangsters zone.
8:12 of 2nd period - Snap shot by Guillaume Desbiens.
8:12 of 2nd period - Shot Misses the Net.
8:14 of 2nd period - Slapshot by Guillaume Desbiens.
8:14 of 2nd period - Shot Misses the Net.
8:16 of 2nd period - Backhand shot by Mike Weber.
8:16 of 2nd period - Deflect By Patrik Nemeth.
8:16 of 2nd period - Goal by Mike Weber - Gangsters : 0 - Remparts : 5.
8:17 of 2nd period - Chris Bourque wins face-off versus Dainius Zubrus in neutral zone.
8:19 of 2nd period - Colten Teubert is hit by Mike Weber and loses puck.
8:31 of 2nd period - Off-side.
8:32 of 2nd period - Maxime Sauvé wins face-off versus Ryan Strome in neutral zone.
8:37 of 2nd period - Ryan Strome is hit by Dave Dziurzynski.
8:57 of 2nd period - Richard Panik is hit by Guillaume Desbiens and loses puck.
9:40 of 2nd period - Slapshot by Devante Smith-Pelly.
9:40 of 2nd period - Shot Misses the Net.
9:42 of 2nd period - Slapshot by Patrik Nemeth.
9:42 of 2nd period - Deflect By Patrick Maroon.
9:42 of 2nd period - Stopped by Igor Bobkov with a rebound.
9:44 of 2nd period - Snap shot by Dave Dziurzynski.
9:44 of 2nd period - Stopped by Igor Bobkov with a rebound.
9:46 of 2nd period - Snap shot by Colten Teubert.
9:46 of 2nd period - Deflect By Devante Smith-Pelly.
9:46 of 2nd period - Stopped by Igor Bobkov with a rebound.
9:48 of 2nd period - Slapshot by Patrik Nemeth.
9:48 of 2nd period - Deflect By Michal Jordan.
9:48 of 2nd period - Stopped by Igor Bobkov with a rebound.
9:50 of 2nd period - Slapshot by Devante Smith-Pelly.
9:50 of 2nd period - Stopped by Igor Bobkov with a rebound.
10:00 of 2nd period - Brendan Woods is hit by Ryan Strome.
10:24 of 2nd period - Wrist shot by Alex Galchenyuk.
10:24 of 2nd period - Shot Misses the Net.
10:42 of 2nd period - Seth Griffith is hit by William Colbert and loses puck.
11:09 of 2nd period - Chris Bourque is hit by Max Reinhart and loses puck.
11:21 of 2nd period - Off-side.
11:22 of 2nd period - Maxime Sauvé wins face-off versus Chris Mueller in neutral zone.
11:29 of 2nd period - Slapshot by Dave Dziurzynski.
11:29 of 2nd period - Stopped by Igor Bobkov with a rebound.
12:33 of 2nd period - Minor Penalty to Devante Smith-Pelly for Hooking.
12:34 of 2nd period - Alex Galchenyuk wins face-off versus Artem Anisimov in Gangsters zone.
12:34 of 2nd period - Wrist shot by Dainius Zubrus.
12:34 of 2nd period - Stopped by Mike Condon without a rebound.
12:35 of 2nd period - Dainius Zubrus wins face-off versus Artem Anisimov in Gangsters zone.
12:54 of 2nd period - Chris Bourque is hit by Michal Jordan and loses puck.
13:17 of 2nd period - Snap shot by Maxime Sauvé.
13:17 of 2nd period - Shot Blocked by Michal Jordan.
13:51 of 2nd period - Mike Weber is hit by Michael Sdao and loses puck.
14:33 of 2nd period - Penalty to Devante Smith-Pelly is over, Devante Smith-Pelly is back on ice.
14:44 of 2nd period - Snap shot by Cédric Lalonde-McNicoll.
14:44 of 2nd period - Stopped by Mike Condon with a rebound.
14:46 of 2nd period - Wrist shot by Justin Williams.
14:46 of 2nd period - Shot Misses the Net.
14:48 of 2nd period - Snap shot by Cédric Lalonde-McNicoll.
14:48 of 2nd period - Stopped by Mike Condon with a rebound.
14:56 of 2nd period - Snap shot by Devante Smith-Pelly.
14:56 of 2nd period - Stopped by Igor Bobkov without a rebound.
14:57 of 2nd period - Chris Mueller wins face-off versus Devante Smith-Pelly in Remparts zone.
14:57 of 2nd period - Chris Mueller is hit by Jonas Brodin.
15:30 of 2nd period - Magnus Paajarvi-Svensson is hit by Justin Williams and loses puck.
16:30 of 2nd period - Maxime Sauvé is hit by Dale Weise and loses puck.
16:45 of 2nd period - Magnus Paajarvi-Svensson is hit by Johannes Salmonsson and loses puck.
16:52 of 2nd period - Snap shot by Cédric Lalonde-McNicoll.
16:52 of 2nd period - Stopped by Mike Condon without a rebound.
16:53 of 2nd period - Artem Anisimov wins face-off versus Dainius Zubrus in Gangsters zone.
16:56 of 2nd period - Snap shot by Guillaume Desbiens.
16:56 of 2nd period - Shot Hit the Post.
17:26 of 2nd period - Wrist shot by Tomas Hertl.
17:26 of 2nd period - Shot Blocked by Pasi Salonen.
17:28 of 2nd period - Snap shot by Magnus Paajarvi-Svensson.
17:28 of 2nd period - Stopped by Igor Bobkov with a rebound.
17:30 of 2nd period - Snap shot by Magnus Paajarvi-Svensson.
17:30 of 2nd period - Stopped by Igor Bobkov with a rebound.
17:32 of 2nd period - Wrist shot by Stefan Noesen.
17:32 of 2nd period - Shot Blocked by Pasi Salonen.
17:51 of 2nd period - Snap shot by Devante Smith-Pelly.
17:51 of 2nd period - Goal by Devante Smith-Pelly - Gangsters : 1 - Remparts : 5.
17:52 of 2nd period - Dainius Zubrus wins face-off versus Richard Panik in neutral zone.
18:01 of 2nd period - Slapshot by Richard Panik.
18:01 of 2nd period - Stopped by Igor Bobkov with a rebound.
18:03 of 2nd period - Slapshot by Patrik Nemeth.
18:03 of 2nd period - Shot Misses the Net.
18:05 of 2nd period - Snap shot by Richard Panik.
18:05 of 2nd period - Shot Blocked by Kris Russell.
18:25 of 2nd period - Snap shot by Alex Galchenyuk.
18:25 of 2nd period - Shot Misses the Net.
18:46 of 2nd period - Wrist shot by Max Reinhart.
18:46 of 2nd period - Shot Blocked by Michael Sdao.
19:09 of 2nd period - Icing by Artem Anisimov.
19:10 of 2nd period - Artem Anisimov wins face-off versus Max Reinhart in Gangsters zone.
19:10 of 2nd period - Artem Anisimov is hit by Pasi Salonen.
19:17 of 2nd period - Icing by Artem Anisimov.
19:18 of 2nd period - Artem Anisimov wins face-off versus Max Reinhart in Gangsters zone.
19:40 of 2nd period - Snap shot by Pasi Salonen.
19:40 of 2nd period - Stopped by Mike Condon without a rebound.
19:41 of 2nd period - Dainius Zubrus wins face-off versus Maxime Sauvé in Gangsters zone.
19:50 of 2nd period - Snap shot by Dave Dziurzynski.
19:50 of 2nd period - Shot Misses the Net.
Goals for this period are 1 for Gangsters vs 2 for Remparts.
Shots for this period are 11 for Gangsters vs 9 for Remparts.
3rd period
0:01 of 3rd period - Dainius Zubrus wins face-off versus Artem Anisimov in neutral zone.
0:12 of 3rd period - Slapshot by Dainius Zubrus.
0:12 of 3rd period - Stopped by Mike Condon with a rebound.
0:28 of 3rd period - Snap shot by Maxime Sauvé.
0:28 of 3rd period - Shot Misses the Net.
0:52 of 3rd period - Slapshot by Tomas Hertl.
0:52 of 3rd period - Shot Blocked by William Colbert.
0:54 of 3rd period - Slapshot by Patrik Nemeth.
0:54 of 3rd period - Deflect By Stefan Noesen.
0:54 of 3rd period - Stopped by Igor Bobkov with a rebound.
0:56 of 3rd period - Slapshot by Colten Teubert.
0:56 of 3rd period - Stopped by Igor Bobkov without a rebound.
0:57 of 3rd period - Artem Anisimov wins face-off versus Dainius Zubrus in Remparts zone.
1:23 of 3rd period - Artem Anisimov is hit by Johannes Salmonsson and loses puck.
1:30 of 3rd period - Snap shot by Justin Williams.
1:30 of 3rd period - Deflect By Johannes Salmonsson.
1:30 of 3rd period - Shot Misses the Net.
1:30 of 3rd period - Puck is out of play.
1:31 of 3rd period - Max Reinhart wins face-off versus Maxime Sauvé in Gangsters zone.
1:40 of 3rd period - Max Reinhart is hit by Devante Smith-Pelly.
2:00 of 3rd period - Jonas Brodin is hit by Kris Russell and loses puck.
2:18 of 3rd period - Slapshot by Magnus Paajarvi-Svensson.
2:18 of 3rd period - Shot Misses the Net.
2:43 of 3rd period - Wrist shot by Stefan Noesen.
2:43 of 3rd period - Stopped by Igor Bobkov with a rebound.
2:45 of 3rd period - Snap shot by Magnus Paajarvi-Svensson.
2:45 of 3rd period - Shot Misses the Net.
2:47 of 3rd period - Slapshot by Derrick Pouliot.
2:47 of 3rd period - Stopped by Igor Bobkov with a rebound.
2:55 of 3rd period - Wrist shot by Tomas Hertl.
2:55 of 3rd period - Stopped by Igor Bobkov with a rebound.
2:57 of 3rd period - Slapshot by Derrick Pouliot.
2:57 of 3rd period - Shot Blocked by Kris Russell.
2:59 of 3rd period - Snap shot by Stefan Noesen.
2:59 of 3rd period - Shot Blocked by Cody Ceci.
3:01 of 3rd period - Slapshot by Jonas Brodin.
3:01 of 3rd period - Stopped by Igor Bobkov with a rebound.
3:11 of 3rd period - Wrist shot by Magnus Paajarvi-Svensson.
3:11 of 3rd period - Shot Misses the Net.
3:17 of 3rd period - Wrist shot by Stefan Noesen.
3:17 of 3rd period - Shot Misses the Net.
3:19 of 3rd period - Snap shot by Jonas Brodin.
3:19 of 3rd period - Stopped by Igor Bobkov with a rebound.
3:21 of 3rd period - Wrist shot by Jonas Brodin.
3:21 of 3rd period - Shot Blocked by Kris Russell.
3:23 of 3rd period - Slapshot by Jonas Brodin.
3:23 of 3rd period - Deflect By Magnus Paajarvi-Svensson.
3:23 of 3rd period - Deflect By Cody Ceci.
3:23 of 3rd period - Shot Misses the Net.
3:23 of 3rd period - Puck is out of play.
3:24 of 3rd period - Artem Anisimov wins face-off versus Dainius Zubrus in Remparts zone.
3:32 of 3rd period - Minor Penalty to Dainius Zubrus for Roughing.
3:33 of 3rd period - Artem Anisimov wins face-off versus Max Reinhart in Remparts zone.
4:08 of 3rd period - Icing by Colten Teubert.
4:09 of 3rd period - Max Reinhart wins face-off versus Maxime Sauvé in Gangsters zone.
4:20 of 3rd period - Kris Russell is hit by Artem Anisimov and loses puck.
4:29 of 3rd period - Snap shot by Artem Anisimov.
4:29 of 3rd period - Shot Misses the Net.
4:31 of 3rd period - Slapshot by Patrik Nemeth.
4:31 of 3rd period - Shot Blocked by Max Reinhart.
4:37 of 3rd period - Minor Penalty to Kris Russell for Roughing.
4:38 of 3rd period - Max Reinhart wins face-off versus Artem Anisimov in Remparts zone.
5:32 of 3rd period - Penalty to Dainius Zubrus is over, Dainius Zubrus is back on ice.
5:32 of 3rd period - Snap shot by Cédric Lalonde-McNicoll.
5:32 of 3rd period - Stopped by Mike Condon without a rebound.
5:33 of 3rd period - Artem Anisimov wins face-off versus Max Reinhart in Gangsters zone.
6:02 of 3rd period - Slapshot by Patrik Nemeth.
6:02 of 3rd period - Shot Blocked by Cédric Lalonde-McNicoll.
6:04 of 3rd period - Snap shot by Dave Dziurzynski.
6:04 of 3rd period - Shot Blocked by Erik Gustafsson.
6:16 of 3rd period - Snap shot by Guillaume Desbiens.
6:16 of 3rd period - Shot Misses the Net.
6:18 of 3rd period - Wrist shot by Cody Ceci.
6:18 of 3rd period - Stopped by Mike Condon with a rebound.
6:20 of 3rd period - Snap shot by Guillaume Desbiens.
6:20 of 3rd period - Shot Blocked by Morgan Ellis.
6:32 of 3rd period - Max Reinhart is hit by Devante Smith-Pelly and loses puck.
6:37 of 3rd period - Penalty to Kris Russell is over, Kris Russell is back on ice.
7:35 of 3rd period - Wrist shot by Seth Griffith.
7:35 of 3rd period - Stopped by Igor Bobkov with a rebound.
7:37 of 3rd period - Slapshot by Derrick Pouliot.
7:37 of 3rd period - Goal by Derrick Pouliot - Gangsters : 2 - Remparts : 5.
7:38 of 3rd period - Artem Anisimov wins face-off versus Dainius Zubrus in neutral zone.
7:50 of 3rd period - Richard Panik is hit by Alex Galchenyuk and loses puck.
8:03 of 3rd period - Michael Sdao is hit by William Colbert and loses puck.
8:14 of 3rd period - Snap shot by Devante Smith-Pelly.
8:14 of 3rd period - Shot Blocked by Ryan Strome.
8:37 of 3rd period - Icing by Jonas Brodin.
8:38 of 3rd period - Seth Griffith wins face-off versus Dainius Zubrus in Gangsters zone.
8:38 of 3rd period - Seth Griffith is hit by Dainius Zubrus.
8:49 of 3rd period - Minor Penalty to Dainius Zubrus for Hooking.
8:50 of 3rd period - Max Reinhart wins face-off versus Artem Anisimov in Remparts zone.
8:50 of 3rd period - Max Reinhart is hit by Colten Teubert.
9:16 of 3rd period - Johannes Salmonsson is hit by Devante Smith-Pelly and loses puck.
10:20 of 3rd period - Snap shot by Alex Galchenyuk.
10:20 of 3rd period - Shot Blocked by Patrik Nemeth.
10:36 of 3rd period - Artem Anisimov is hit by Pasi Salonen and loses puck.
10:49 of 3rd period - Penalty to Dainius Zubrus is over, Dainius Zubrus is back on ice.
11:48 of 3rd period - Erik Gustafsson is hit by Devante Smith-Pelly and loses puck.
11:55 of 3rd period - Dave Dziurzynski is hit by Justin Williams and loses puck.
12:06 of 3rd period - Devante Smith-Pelly is hit by Kris Russell and loses puck.
12:21 of 3rd period - Slapshot by Maxime Sauvé.
12:21 of 3rd period - Shot Blocked by William Colbert.
13:10 of 3rd period - Minor Penalty to Dale Weise for Hooking.
13:11 of 3rd period - Johannes Salmonsson wins face-off versus Artem Anisimov in Remparts zone.
14:00 of 3rd period - Cédric Lalonde-McNicoll is hit by Dave Dziurzynski and loses puck.
15:10 of 3rd period - Penalty to Dale Weise is over, Dale Weise is back on ice.
15:43 of 3rd period - Tomas Hertl is hit by Guillaume Desbiens and loses puck.
15:54 of 3rd period - Wrist shot by Pasi Salonen.
15:54 of 3rd period - Stopped by Mike Condon with a rebound.
16:18 of 3rd period - Richard Panik is hit by Guillaume Desbiens and loses puck.
17:24 of 3rd period - Slapshot by Colten Teubert.
17:24 of 3rd period - Shot Blocked by Guillaume Desbiens.
17:34 of 3rd period - Sebastian Collberg is hit by Michal Jordan and loses puck.
17:47 of 3rd period - Max Reinhart is hit by Dave Dziurzynski and loses puck.
18:25 of 3rd period - Snap shot by Dainius Zubrus.
18:25 of 3rd period - Shot Blocked by Michael Sdao.
18:27 of 3rd period - Wrist shot by Alex Galchenyuk.
18:27 of 3rd period - Shot Blocked by Stefan Noesen.
18:29 of 3rd period - Slapshot by Dainius Zubrus.
18:29 of 3rd period - Shot Blocked by Morgan Ellis.
18:31 of 3rd period - Slapshot by Mike Weber.
18:31 of 3rd period - Shot Blocked by Morgan Ellis.
18:50 of 3rd period - Max Reinhart is hit by Patrik Nemeth.
19:06 of 3rd period - Colten Teubert is hit by Erik Gustafsson.
19:37 of 3rd period - Patrik Nemeth is hit by Ryan Strome and loses puck.
19:56 of 3rd period - Michal Jordan is hit by Stefan Noesen and loses puck.
Goals for this period are 1 for Gangsters vs 0 for Remparts.
Shots for this period are 9 for Gangsters vs 4 for Remparts.
Back to the Top